 Dungeon Crawl Stone Soup version 0.28.0-45-g0d030f2227 (webtiles) character file.

Game seed: 7938713436137543613

133 protoss039 the Digger (level 4, -3/34 HPs)
             Began as a Demonspawn Earth Elementalist on May 23, 2022.
             Slain by Robin
             ... wielding a +2 mace of protection
              (5 damage)
             ... on level 2 of the Dungeon.
             The game lasted 00:04:29 (2259 turns).

protoss039 the Digger (DsEE)                        Turns: 2259, Time: 00:04:30

Health: -3/34      AC:  4    Str:  8    XL:     4   Next: 93%
Magic:  2/16       EV: 12    Int: 18    God:
Gold:   29         SH:  0    Dex: 20    Spells: 5/8 levels left

rFire   . . .      SeeInvis .   o - +6 dagger "Pixozeca" {protect, rN+ rCorr Dex+4}
rCold   . . .      Faith    .   (no shield)
rNeg    + . .      Spirit   .   k - +0 leather armour
rPois   .          Reflect  .   (no helmet)
rElec   .          Harm     .   (no cloak)
rCorr   +          Rampage  .   (no gloves)
Will    .....                   j - +0 pair of boots
Stlth   +++.......              n - amulet of the acrobat
HPRegen 0.11/turn               i - ring of magical power
MPRegen 0.15/turn               (no ring)

@: very slightly contaminated
A: hooves 1, thin skeletal structure 1
a: no special abilities


You were on level 2 of the Dungeon.
You visited 1 branch of the dungeon, and saw 2 of its levels.

You collected 29 gold pieces.

Inventory:

Hand Weapons
 g - a +2 dagger of electrocution
 o - the +6 dagger "Pixozeca" (weapon) {protect, rN+ rCorr Dex+4}
   (You found it on level 2 of the Dungeon)

   It grants its wielder temporary protection when it strikes (+7 to AC).
   Dex:       It affects your dexterity (+4).
   rN:        It protects you from negative energy.
   rCorr:     It protects you from acid and corrosion.
Missiles
 c - 24 stones
Armour
 j - a +0 pair of boots (worn)
 k - a +0 leather armour (worn)
Magical Staves
 l - a staff of fire
Jewellery
 i - a ring of magical power (left hand)
 n - an amulet of the acrobat (around neck)
Scrolls
 b - a scroll of noise {unknown}
 d - 2 scrolls of teleportation {unknown}
 f - 2 scrolls of identify {unknown}
 h - a scroll of vulnerability {unknown}
Potions
 a - a potion of curing {unknown}
 e - 2 potions of heal wounds {unknown}
 m - a potion of lignification {unknown}


   Skills:
 * Level 2.5 Fighting
 + Level 1.4 Armour
 - Level 1.7 Dodging
 - Level 1.7 Stealth
 + Level 2.6 Spellcasting
 - Level 1.3 Transmutations
 + Level 3.3 Earth Magic


You had 5 spell levels left.
You knew the following spells:

 Your Spells              Type           Power      Damage    Failure   Level
a - Sandblast             Erth           28%        2d8       6%          1
b - Passwall              Tmut/Erth      8%         N/A       14%         2

Your spell library contained the following spells:

 Spells                   Type           Power      Damage    Failure   Level
 Wereblood                Tmut           7%         N/A       21%         2
 Stone Arrow              Conj/Erth      16%        3d8       34%         3
 Sublimation of Blood     Necr           2%         N/A       36%         2
 Petrify                  Tmut/Erth      10%        N/A       65%         4
 Summon Hydra             Summ           1%         N/A       100%        7


Dungeon Overview and Level Annotations

Branches:
Dungeon (2/15)

Altars:

Shops:
D:2 (

Annotations:
D:2 Robin, Sigmund


Innate Abilities, Weirdness & Mutations

You have large cloven feet.
You have a somewhat thin skeletal structure. (Dex +2, Stealth+)


Message History

Robin completely misses you. The goblin closely misses you.
Unknown command.
Unknown command.
Casting: Sandblast (safe; 6% risk of failure)
Confirm with . or Enter, or press ? or * to list all spells.
Aiming: Sandblast (safe; 6% risk of failure)
Press: ? - help, Shift-Dir - straight line, f/p - Robin
Aim: Robin, wielding a +2 mace of protection, wearing a +0 animal skin and wearing a +0 helmet (heavily wounded, 85% to hit)
The blast of sand hits Robin but does no damage.
Robin is heavily wounded.
Robin hits you with a +2 mace of protection.
* * * LOW HITPOINT WARNING * * *
The goblin hits you with a +0 club.
* * * LOW HITPOINT WARNING * * *
Unknown command.
Unknown command.
Casting: Sandblast (safe; 6% risk of failure)
Confirm with . or Enter, or press ? or * to list all spells.
Aiming: Sandblast (safe; 6% risk of failure)
Press: ? - help, Shift-Dir - straight line, f/p - Robin
Aim: Robin, wielding a +2 mace of protection, wearing a +0 animal skin and wearing a +0 helmet (heavily wounded, 85% to hit)
You miscast Sandblast.
You are very lightly contaminated with residual magic.
Nothing appears to happen.
Robin roars a battlecry!
The goblin goes into a battle-frenzy!
The goblin misses you.
Unknown command.
Press: ? - help, v - describe, . - travel
Here: Robin, wielding a +2 mace of protection, wearing a +0 animal skin and wearing a +0 helmet (heavily wounded)
The floor.
Casting: Sandblast (safe; 6% risk of failure)
Confirm with . or Enter, or press ? or * to list all spells.
Aiming: Sandblast (safe; 6% risk of failure)
Press: ? - help, Shift-Dir - straight line, f/p - Robin
Aim: Robin, wielding a +2 mace of protection, wearing a +0 animal skin and wearing a +0 helmet (heavily wounded, 85% to hit)
The blast of sand hits Robin but does no damage.
Robin is heavily wounded.
Robin hits you with a +2 mace of protection.
You die...

...#...####....).#.###.#.....#.##
####.........#..##.# #.#######...
# ####......##.##.###......#####
####.........##.##.#........#
).##.........##.............#
#)##.....#.....#............#
#)##.....#.....#....##...##.#
#†########.....#g#.###...##.#
.............###@..###...##.#
..........#..# ##g.......##.#
..........#######........##.#
...............).........##.###
.........#....)###............#
.................#............#
.........#.....#.#............#
######...##....#.#............# #
##.....#....#.#>..##########


You could see Robin and a goblin (strong).

Vanquished Creatures
  An ogre (D:2)
  3 bats
  3 endoplasms
  3 giant cockroaches
  15 goblins
  3 hobgoblins
  A quokka (D:1)
  2 ball pythons (D:1)
  2 frilled lizards
  4 kobolds
  4 rats
41 creatures vanquished.

Notes
Turn   | Place    | Note
-------+----------+-------------------------------------------
     0 | D:1      | protoss039 the Demonspawn Earth Elementalist began the
                  | quest for the Orb.
     0 | D:1      | Reached XP level 1. HP: 13/13 MP: 3/3
   103 | D:1      | Reached skill level 1 in Transmutations
   376 | D:1      | Gained mutation: You have large cloven feet. [demonic
                  | ancestry]
   376 | D:1      | Reached XP level 2. HP: 11/20 MP: 0/5
  1145 | D:1      | Learned a level 2 spell: Passwall
  1288 | D:1      | Reached skill level 1 in Fighting
  1601 | D:2      | Noticed Sigmund
  1754 | D:2      | Found Jiyle's Weapon Emporium.
  1916 | D:2      | Reached skill level 3 in Earth Magic
  1996 | D:2      | Noticed an ogre
  2003 | D:2      | Killed an ogre
  2004 | D:2      | Reached skill level 1 in Armour
  2004 | D:2      | Gained mutation: You have a somewhat thin skeletal
                  | structure. (Dex +2, Stealth+) [demonic ancestry]
  2004 | D:2      | Reached XP level 3. HP: 25/28 MP: 6/6
  2004 | D:2      | Reached XP level 4. HP: 31/34 MP: 7/7
  2100 | D:2      | Identified the +6 dagger "Pixozeca" {protect, rN+ rCorr
                  | Dex+4}
  2150 | D:2      | Noticed Robin
  2259 | D:2      | Slain by Robin

Illustrated notes

Levels and vault maps discovered:
D:1:      matt_arrival_spirals, layout_loops_cross, serial_bayou_lagoon_a,
          minmay_liquid_box
D:2:      layout_basic, serial_shops, nicolae_shop_bloodbath_and_beyond,
          uniq_sigmund, uniq_robin

Skill      XL: |  1  2 |
---------------+-------+-----
Transmutations | 1 |  1.3
Fighting       | 2 |  2.5
Earth Magic    | 3 |  3.3
Armour         | 1 |  1.4
Dodging        | |  1.7
Stealth        | |  1.7
Spellcasting   | |  2.6

Action                   |  1- 3 |  4- 6 || total
-------------------------+-------+-------++-------
Melee: Dagger            |    86 |    14 ||   100
       Kick              |     7 |       ||     7
 Cast: Sandblast         |    22 |    24 ||    46
 Stab: Sleeping          |     3 |       ||     3
Armor: Robe              |    14 |       ||    14
       Leather armour    |    10 |    12 ||    22
Dodge: Dodged            |    41 |    34 ||    75
